[Event "International chess holiday M31"]
[Site "?"]
[Date "2017.08.02"]
[Round "6"]
[White "Vavrinec, Tomas"]
[Black "Baasansuren, Erdene"]
[Result "0-1"]
[ECO "A16"]
[WhiteElo "1960"]
[BlackElo "2100"]
[Annotator "Koller,Martin"]
[PlyCount "60"]
[TimeControl "240+2"]

{279MB} 1. c4 Nf6 2. Nc3 g6 3. Nf3 Bg7 4. g3 O-O 5. Bg2 d6 6. O-O Nc6 7. Rb1 a5
8. a3 Nh5 9. b4 axb4 10. axb4 f5 11. b5 Na5 12. Bb2 e5 13. d3 Be6 14. Nd2 c6
15. Nb3 f4 16. Nxa5 Rxa5 17. bxc6 bxc6 18. Bxc6 fxg3 19. hxg3 Nxg3 20. fxg3
Qb6+ 21. Kh2 Qxc6 22. Rxf8+ Bxf8 23. Ne4 Ra7 24. c5 Rf7 25. cxd6 Bxd6 26. Qc1
Qa6 27. Ra1 Qb6 28. Ra8+ Kg7 29. e3 Bd5 30. Qc2 Bxa8 0-1

[Event "International chess holiday M31"]
[Site "?"]
[Date "2017.08.02"]
[Round "6"]
[White "Jurcisin, Imrich"]
[Black "Sedlacek, Tomas"]
[Result "0-1"]
[ECO "C04"]
[WhiteElo "2033"]
[BlackElo "2100"]
[Annotator "Koller,Martin"]
[PlyCount "58"]
[TimeControl "240+2"]

{279MB} 1. e4 e6 2. d4 d5 3. Nd2 Nc6 4. Ngf3 Nf6 5. e5 Nd7 6. c3 a5 7. Bd3 Be7
8. O-O b6 9. Qa4 Bb7 10. a3 h6 11. c4 Nb4 12. Bb1 dxc4 13. Nxc4 b5 14. Qd1 bxc4
15. axb4 axb4 16. Rxa8 Qxa8 17. Qe2 Nb6 18. Be3 Bd5 19. Rc1 b3 20. Nd2 Qa1 21.
Ne4 Na4 22. Qg4 Kf8 23. Bd3 Qxb2 24. Bxc4 Bxc4 25. Rxc4 Qa1+ 26. Rc1 b2 27. Qd1
bxc1=Q 28. Bxc1 Nb2 29. Qc2 Nd3 0-1

[Event "International chess holiday M31"]
[Site "?"]
[Date "2017.08.02"]
[Round "6"]
[White "Manigk, Sebastian"]
[Black "Brejnik, Gustav"]
[Result "1/2-1/2"]
[ECO "B11"]
[WhiteElo "2238"]
[BlackElo "2031"]
[Annotator "Koller,Martin"]
[PlyCount "30"]
[TimeControl "240+2"]

{279MB} 1. e4 c6 2. Nf3 d5 3. Nc3 Bg4 4. h3 Bxf3 5. Qxf3 e6 6. Be2 Nf6 7. O-O
Be7 8. d3 O-O 9. Qg3 g6 10. Bh6 Re8 11. Rae1 Na6 12. Bd1 Qa5 13. Qe5 Nc5 14.
exd5 Ncd7 15. Qg3 cxd5 1/2-1/2

[Event "International chess holiday K31"]
[Site "?"]
[Date "2017.08.02"]
[Round "6"]
[White "Novak, Jindrich"]
[Black "Zizka, Petr"]
[Result "1-0"]
[ECO "A48"]
[WhiteElo "2105"]
[BlackElo "1966"]
[Annotator "Koller,Martin"]
[PlyCount "65"]
[TimeControl "240+2"]

{279MB} 1. d4 Nf6 2. Nf3 g6 3. Bg5 Bg7 4. Nbd2 O-O 5. e4 d6 6. Be2 Nbd7 7. O-O
Re8 8. Re1 c5 9. c3 Qc7 10. Qb3 b6 11. Bc4 e6 12. e5 d5 13. exf6 dxc4 14. Qxc4
Nxf6 15. dxc5 b5 16. Qf4 Qxf4 17. Bxf4 Bb7 18. Nd4 Rec8 19. N2b3 Ne4 20. Nxb5
e5 21. Be3 Bd5 22. f3 Bxb3 23. fxe4 Be6 24. Nd6 Rc7 25. Red1 f5 26. g3 f4 27.
gxf4 exf4 28. Bd4 Bh6 29. Kf2 g5 30. Rg1 Rf8 31. h4 g4 32. Rxg4+ Bxg4 33. Rg1
1-0

[Event "International chess holiday K31"]
[Site "?"]
[Date "2017.08.02"]
[Round "6"]
[White "Pokorny, Jan"]
[Black "Aubrecht, Petr"]
[Result "1/2-1/2"]
[ECO "A38"]
[WhiteElo "1835"]
[BlackElo "1935"]
[Annotator "Koller,Martin"]
[PlyCount "37"]
[TimeControl "240+2"]

{279MB} 1. c4 Nf6 2. Nf3 g6 3. g3 Bg7 4. Bg2 O-O 5. O-O d6 6. Nc3 c5 7. d3 Nc6
8. a3 Bd7 9. Bd2 Rb8 10. Rb1 Nd4 11. Nxd4 cxd4 12. Ne4 Nxe4 13. Bxe4 Bh3 14.
Bg2 Bxg2 15. Kxg2 h5 16. h4 d5 17. c5 e5 18. Qa4 a6 19. Rfc1 1/2-1/2

[Event "International chess holiday K31"]
[Site "?"]
[Date "2017.08.02"]
[Round "6"]
[White "Civin, Dominik"]
[Black "Hapke, Ralf"]
[Result "1/2-1/2"]
[ECO "D35"]
[WhiteElo "1846"]
[BlackElo "1828"]
[Annotator "Koller,Martin"]
[PlyCount "30"]
[TimeControl "240+2"]

{279MB} 1. d4 Nf6 2. c4 e6 3. Nc3 d5 4. cxd5 exd5 5. Bf4 c6 6. e3 Bf5 7. Nf3
Bb4 8. Qb3 Qb6 9. Nd2 Nbd7 10. Be2 Be7 11. O-O Qxb3 12. Nxb3 a5 13. Na4 b5 14.
Nc3 a4 15. Nc1 a3 1/2-1/2

[Event "International chess holiday K31"]
[Site "?"]
[Date "2017.08.02"]
[Round "6"]
[White "Cisarik, Pavol"]
[Black "Vit, Zdenek"]
[Result "0-1"]
[ECO "C83"]
[WhiteElo "1674"]
[BlackElo "1889"]
[Annotator "Koller,Martin"]
[PlyCount "40"]
[TimeControl "240+2"]

{279MB} 1. e4 e5 2. Nf3 Nc6 3. Bb5 a6 4. Ba4 Nf6 5. O-O Nxe4 6. d4 b5 7. Bb3 d5
8. dxe5 Be6 9. c3 Be7 10. Nbd2 O-O 11. Bc2 f5 12. exf6 Nxf6 13. Nd4 Nxd4 14.
cxd4 Bd6 15. Nf3 Bg4 16. Bg5 Qd7 17. Bxf6 Rxf6 18. Re1 Bxf3 19. gxf3 Qh3 20.
Re5 Rh6 0-1

[Event "International chess holiday M31"]
[Site "?"]
[Date "2017.08.03"]
[Round "7"]
[White "Baasansuren, Erdene"]
[Black "Michalek, Frantisek"]
[Result "1-0"]
[ECO "D07"]
[WhiteElo "2100"]
[BlackElo "2065"]
[Annotator "Koller,Martin"]
[PlyCount "75"]
[TimeControl "240+2"]

{279MB} 1. d4 d5 2. c4 Nc6 3. cxd5 Qxd5 4. Nf3 e5 5. Nc3 Bb4 6. Bd2 Bxc3 7.
Bxc3 e4 8. Nd2 e3 9. fxe3 Nf6 10. Qb3 Qxb3 11. axb3 Bf5 12. h3 Ne4 13. g4 Nxd2
14. gxf5 Ne4 15. Rg1 Nxc3 16. bxc3 Kf8 17. Bg2 Nd8 18. Kd2 a6 19. Ra5 c6 20. b4
Rc8 21. c4 Ke7 22. b5 axb5 23. cxb5 g6 24. bxc6 Nxc6 25. Rb5 Rc7 26. Rgb1 Nd8
27. Bxb7 Nxb7 28. Rxb7 Rxb7 29. Rxb7+ Kf6 30. e4 gxf5 31. e5+ Ke6 32. Rb6+ Ke7
33. Rf6 Ra8 34. Rxf5 Ra2+ 35. Kd1 Ra3 36. Rh5 Ke6 37. Rxh7 Kd5 38. Rh4 1-0

[Event "International chess holiday M31"]
[Site "?"]
[Date "2017.08.03"]
[Round "7"]
[White "Bayarsaikhan, Yinjinlkham"]
[Black "Manigk, Sebastian"]
[Result "0-1"]
[ECO "D24"]
[WhiteElo "1988"]
[BlackElo "2238"]
[Annotator "Koller,Martin"]
[PlyCount "114"]
[TimeControl "240+2"]

{279MB} 1. d4 d5 2. c4 dxc4 3. Nc3 a6 4. a4 Nc6 5. e3 Na5 6. Nf3 Nf6 7. Ne5 Be6
8. Be2 g6 9. O-O Bg7 10. Qc2 O-O 11. Rd1 c6 12. Bf3 Qc7 13. e4 Nb3 14. Bf4 Nxa1
15. Rxa1 Qc8 16. Qe2 Nd7 17. Nxc4 Bxd4 18. Bh6 Rd8 19. h4 Bxc4 20. Qxc4 Ne5 21.
Qe2 Qe6 22. Nd1 Nxf3+ 23. Qxf3 Bf6 24. h5 Rd4 25. Nc3 Rad8 26. Re1 Rd3 27. Qe2
Bxc3 28. bxc3 gxh5 29. Be3 Qxe4 30. Qxh5 R8d5 31. Qe2 c5 32. f3 Qxa4 33. Bxc5
Rd1 34. Bd4 R5xd4 35. cxd4 Qxd4+ 36. Kf1 Rd2 37. Qe3 Qxe3 38. Rxe3 e6 39. Rb3
b5 40. Ra3 b4 41. Rb3 a5 42. g4 Rc2 43. Ke1 Rc3 44. Rb2 Rxf3 45. Kd1 Rg3 46.
Re2 Rxg4 47. Kc2 a4 48. Kb2 h5 49. Rh2 h4 50. Rh3 Kg7 51. Rd3 Rg2+ 52. Kb1 a3
53. Ka1 Rg3 54. Rd1 b3 55. Rb1 h3 56. Rh1 h2 57. Rb1 Rg1 0-1

[Event "International chess holiday M31"]
[Site "?"]
[Date "2017.08.03"]
[Round "7"]
[White "Sedlacek, Tomas"]
[Black "Vavrinec, Tomas"]
[Result "0-1"]
[ECO "A48"]
[WhiteElo "2100"]
[BlackElo "1960"]
[Annotator "Koller,Martin"]
[PlyCount "102"]
[TimeControl "240+2"]

{279MB} 1. d4 Nf6 2. c3 g6 3. Bg5 Bg7 4. Nd2 b6 5. e4 d6 6. Ngf3 O-O 7. Bd3 e5
8. O-O Qe8 9. Re1 Nc6 10. Bb5 Bd7 11. d5 Ne7 12. Bxd7 Qxd7 13. Nc4 Nh5 14. Nfd2
Bf6 15. Bh6 Bg7 16. Bg5 h6 17. Bxe7 Qxe7 18. Ne3 Nf4 19. Ndf1 Qg5 20. Qg4 Qxg4
21. Nxg4 f5 22. Nge3 Nd3 23. Re2 f4 24. Nd1 f3 25. Re3 fxg2 26. Rxd3 gxf1=Q+
27. Kxf1 Rf4 28. f3 h5 29. Kg2 Bh6 30. Nf2 Raf8 31. a4 R4f7 32. b4 Bg5 33. c4
Bh4 34. h3 g5 35. a5 Bxf2 36. Kxf2 g4 37. hxg4 hxg4 38. Rg1 Rxf3+ 39. Rxf3
Rxf3+ 40. Ke2 Rf4 41. Ke3 Kg7 42. c5 Kg6 43. axb6 axb6 44. cxb6 cxb6 45. Rc1
Kg5 46. Rc8 Rf3+ 47. Ke2 Kf4 48. Rg8 Re3+ 49. Kf2 g3+ 50. Kg2 Re2+ 51. Kh3 Rh2#
0-1

[Event "International chess holiday M31"]
[Site "?"]
[Date "2017.08.03"]
[Round "7"]
[White "Holy, Filip"]
[Black "Guenther, Andreas"]
[Result "1/2-1/2"]
[ECO "A80"]
[WhiteElo "2007"]
[BlackElo "2122"]
[Annotator "Koller,Martin"]
[PlyCount "58"]
[TimeControl "240+2"]

{279MB} 1. c3 d5 2. d4 e6 3. Nf3 f5 4. Bf4 Nf6 5. e3 Bd6 6. Bd3 O-O 7. O-O b6
8. Ne5 Bxe5 9. Bxe5 Nbd7 10. Bg3 Bb7 11. Nd2 Rc8 12. Qe2 Qe7 13. Nf3 a5 14. Ne5
Nxe5 15. Bxe5 c5 16. f4 Bc6 17. Rf3 Ng4 18. Raf1 c4 19. Bc2 b5 20. a3 Rf7 21.
h3 Nxe5 22. fxe5 Be8 23. g4 g6 24. Qg2 Kh8 25. Rg3 Rg7 26. Kh2 Rc7 27. Rg1 Qf8
28. gxf5 gxf5 29. Rxg7 Rxg7 1/2-1/2

[Event "International chess holiday M31"]
[Site "?"]
[Date "2017.08.03"]
[Round "7"]
[White "Brejnik, Gustav"]
[Black "Jurcisin, Imrich"]
[Result "1-0"]
[ECO "A52"]
[WhiteElo "2031"]
[BlackElo "2033"]
[Annotator "Koller,Martin"]
[PlyCount "51"]
[TimeControl "240+2"]

{279MB} 1. d4 Nf6 2. c4 e5 3. dxe5 Ng4 4. Nf3 Nc6 5. Bf4 Bb4+ 6. Nbd2 Qe7 7. e3
Ngxe5 8. Nxe5 Nxe5 9. Be2 d6 10. O-O O-O 11. Nb3 Bf5 12. a3 Bc5 13. Nxc5 dxc5
14. Qd5 Bg4 15. f3 Ng6 16. fxg4 Nxf4 17. Rxf4 Qxe3+ 18. Rf2 Rfe8 19. Qxf7+ Kh8
20. Raf1 Rf8 21. Qxc7 Rxf2 22. Rxf2 Rf8 23. Bf3 Re8 24. Qd7 h6 25. Qd2 Qe7 26.
Re2 1-0

[Event "International chess holiday K31"]
[Site "?"]
[Date "2017.08.03"]
[Round "7"]
[White "Vit, Zdenek"]
[Black "Pokorny, Jan"]
[Result "1/2-1/2"]
[ECO "B22"]
[WhiteElo "1889"]
[BlackElo "1835"]
[Annotator "Koller,Martin"]
[PlyCount "22"]
[TimeControl "240+2"]

{279MB} 1. e4 c5 2. Nf3 g6 3. c3 Bg7 4. d4 cxd4 5. cxd4 d6 6. Nc3 Nf6 7. Bc4
O-O 8. O-O Nxe4 9. Nxe4 d5 10. Bd3 dxe4 11. Bxe4 Nc6 1/2-1/2

[Event "International chess holiday K31"]
[Site "?"]
[Date "2017.08.03"]
[Round "7"]
[White "Zizka, Petr"]
[Black "Civin, Dominik"]
[Result "1-0"]
[ECO "A01"]
[WhiteElo "1966"]
[BlackElo "1846"]
[Annotator "Koller,Martin"]
[PlyCount "53"]
[TimeControl "240+2"]

{279MB} 1. b3 b6 2. Bb2 Bb7 3. e3 e6 4. f4 f5 5. Nf3 Nf6 6. Bb5 a6 7. Be2 Be7
8. O-O O-O 9. d3 d6 10. Nd4 Qc8 11. Bf3 Bxf3 12. Nxf3 c5 13. Nbd2 Nbd7 14. Qe2
b5 15. e4 Re8 16. exf5 exf5 17. Qe6+ Kh8 18. Qxf5 d5 19. Ne5 c4 20. dxc4 dxc4
21. bxc4 Qc5+ 22. Kh1 bxc4 23. Ndxc4 Nxe5 24. Nxe5 Nd5 25. Nf7+ Kg8 26. Nh6+
Kh8 27. Qe6 1-0

[Event "International chess holiday K31"]
[Site "?"]
[Date "2017.08.03"]
[Round "7"]
[White "Aubrecht, Petr"]
[Black "Nelson, Wayne"]
[Result "1-0"]
[ECO "B15"]
[WhiteElo "1935"]
[BlackElo "2056"]
[Annotator "Koller,Martin"]
[PlyCount "74"]
[TimeControl "240+2"]

{279MB} 1. e4 c6 2. d4 d5 3. Nc3 g6 4. Nf3 Bg7 5. exd5 cxd5 6. Bb5+ Nc6 7. Ne5
Bd7 8. Nxd7 Qxd7 9. O-O e6 10. Na4 Nge7 11. Nc5 Qc8 12. c3 O-O 13. h4 a6 14.
Bd3 b6 15. Nb3 Qb7 16. h5 Nc8 17. Qg4 Nd6 18. hxg6 hxg6 19. Bxg6 fxg6 20. Qxe6+
Nf7 21. Qxd5 Rad8 22. Qe4 g5 23. Qg4 Qd7 24. Qh5 Qd5 25. f4 gxf4 26. Qxd5 Rxd5
27. Bxf4 Rd7 28. Rae1 Nh6 29. Re6 Rdf7 30. Rxc6 Rxf4 31. Rxf4 Rxf4 32. Rxb6 Ng4
33. Nc5 Ne3 34. Rg6 Kf7 35. Rxg7+ Kxg7 36. Ne6+ Kf6 37. Nxf4 Nd1 1-0

[Event "International chess holiday K31"]
[Site "?"]
[Date "2017.08.03"]
[Round "7"]
[White "Hering, Sven"]
[Black "Novak, Jindrich"]
[Result "0-1"]
[ECO "C41"]
[WhiteElo "1949"]
[BlackElo "2105"]
[Annotator "Koller,Martin"]
[PlyCount "78"]
[TimeControl "240+2"]

{279MB} 1. e4 d6 2. d4 e5 3. Nf3 Nc6 4. dxe5 Nxe5 5. Nxe5 dxe5 6. Qxd8+ Kxd8 7.
Bc4 Be6 8. Bxe6 fxe6 9. Be3 Nf6 10. f3 Nd7 11. Nd2 Bd6 12. Nc4 b5 13. Na5 Bb4+
14. Bd2 Bxd2+ 15. Kxd2 c5 16. Rhd1 Kc7 17. Ke3 Rhd8 18. Rd2 Nf6 19. a4 Rxd2 20.
Kxd2 a6 21. Nb3 Kb6 22. axb5 Rd8+ 23. Ke2 axb5 24. Nd2 c4 25. b4 Ng8 26. Rd1
Ra8 27. Nf1 Ne7 28. Rd6+ Kc7 29. Rd2 Ra3 30. Rd1 Nc6 31. Rb1 Ra4 32. c3 Ra2+
33. Nd2 Rc2 34. Ra1 Rxc3 35. Ra8 Rc1 36. Rg8 Nd4+ 37. Kf2 c3 38. Rxg7+ Kd6 39.
Nf1 Rxf1+ 0-1

[Event "International chess holiday K31"]
[Site "?"]
[Date "2017.08.03"]
[Round "7"]
[White "Hapke, Ralf"]
[Black "Cisarik, Pavol"]
[Result "1-0"]
[ECO "C45"]
[WhiteElo "1828"]
[BlackElo "1674"]
[Annotator "Koller,Martin"]
[PlyCount "99"]
[TimeControl "240+2"]

{279MB} 1. e4 e5 2. Nf3 Nc6 3. d4 exd4 4. Nxd4 Nf6 5. Nxc6 bxc6 6. e5 Qe7 7.
Qe2 Nd5 8. c4 Ba6 9. b3 g6 10. g3 Bg7 11. Bb2 O-O 12. Bg2 Rae8 13. O-O f6 14.
Qd2 Nb6 15. Qa5 Bxc4 16. Ba3 Qxe5 17. Qxe5 fxe5 18. bxc4 e4 19. Nd2 Bxa1 20.
Bxf8 Bc3 21. Nxe4 Rxe4 22. Bxe4 Kxf8 23. Rc1 Bf6 24. h4 Ke7 25. Kg2 d5 26. cxd5
cxd5 27. Bd3 Kd6 28. h5 gxh5 29. Bxh7 c5 30. Rh1 c4 31. Rxh5 d4 32. Rh6 Ke7 33.
Be4 Kf7 34. Rh7+ Bg7 35. Kf1 Na4 36. Bd5+ Kg6 37. Rxg7+ Kxg7 38. Bxc4 Kf6 39.
f4 Nc5 40. Ke2 Kf5 41. Kf3 Kf6 42. g4 Kg7 43. Bd5 Kf6 44. Be4 Ke6 45. Bb1 Kd5
46. g5 Ke6 47. f5+ Kf7 48. Be4 Kg7 49. Bd5 Kf8 50. f6 1-0

[Event "International chess holiday M31"]
[Site "?"]
[Date "2017.08.03"]
[Round "8"]
[White "Baasansuren, Erdene"]
[Black "Sedlacek, Tomas"]
[Result "1-0"]
[ECO "A90"]
[WhiteElo "2100"]
[BlackElo "2100"]
[Annotator "Koller,Martin"]
[PlyCount "51"]
[TimeControl "240+2"]

{279MB} 1. d4 e6 2. c4 f5 3. g3 c6 4. Bg2 d5 5. Nc3 Nf6 6. Nf3 Bd6 7. O-O O-O
8. Qc2 Qe7 9. Rb1 b6 10. a3 a5 11. Bg5 Ba6 12. Ne5 b5 13. cxb5 cxb5 14. Nxd5
exd5 15. Bxd5+ Nxd5 16. Bxe7 Bxe7 17. Qb3 Bb7 18. f3 Rd8 19. e4 a4 20. Qxb5 Ba6
21. Qxa4 Bxf1 22. Qxa8 fxe4 23. Rxf1 e3 24. Qb7 h5 25. Rc1 e2 26. Kf2 1-0

[Event "International chess holiday M31"]
[Site "?"]
[Date "2017.08.03"]
[Round "8"]
[White "Michalek, Frantisek"]
[Black "Guenther, Andreas"]
[Result "1/2-1/2"]
[ECO "B01"]
[WhiteElo "2065"]
[BlackElo "2122"]
[Annotator "Koller,Martin"]
[PlyCount "97"]
[TimeControl "240+2"]

{279MB} 1. e4 d5 2. exd5 Qxd5 3. Nc3 Qa5 4. d4 Nf6 5. Bc4 Nc6 6. d5 Nb4 7. Nge2
c6 8. dxc6 bxc6 9. O-O Bg4 10. Be3 Rd8 11. Qc1 e6 12. a3 Nbd5 13. Nxd5 Nxd5 14.
Bd4 Nb6 15. b4 Qh5 16. Ng3 Qh4 17. Bxb6 axb6 18. Bd3 Bd6 19. Qe3 c5 20. h3 Bxh3
21. gxh3 Qxh3 22. bxc5 Bxc5 23. Qf3 O-O 24. Qg2 Qh6 25. Qh2 Qxh2+ 26. Kxh2 Rd4
27. Kg2 Ra8 28. Rfb1 f5 29. Ne2 Rda4 30. Rb3 Kf7 31. Nc3 Rg4+ 32. Kf3 g5 33.
Ne2 h5 34. Rg1 Rxg1 35. Nxg1 Rxa3 36. Rxa3 Bxa3 37. Ne2 Kf6 38. Nc3 Bd6 39. Nb5
Bc5 40. Nc3 Bd6 41. Na4 Bc7 42. c4 h4 43. Kg2 e5 44. c5 bxc5 45. Nxc5 e4 46.
Nxe4+ fxe4 47. Bxe4 Ke5 48. Bb7 Kf4 49. f3 1/2-1/2

[Event "International chess holiday M31"]
[Site "?"]
[Date "2017.08.03"]
[Round "8"]
[White "Manigk, Sebastian"]
[Black "Holy, Filip"]
[Result "1/2-1/2"]
[ECO "A11"]
[WhiteElo "2238"]
[BlackElo "2007"]
[Annotator "Koller,Martin"]
[PlyCount "82"]
[TimeControl "240+2"]

{279MB} 1. Nf3 d5 2. c4 c6 3. e3 Nf6 4. Nc3 a6 5. Qc2 e6 6. b3 b6 7. Bb2 Bb7 8.
Be2 c5 9. cxd5 exd5 10. d4 Nbd7 11. O-O Bd6 12. Rac1 O-O 13. Rfd1 Qe7 14. Qf5
Rae8 15. a4 Ne4 16. Nxe4 dxe4 17. dxc5 Nxc5 18. Ng5 g6 19. Qf6 Qxf6 20. Bxf6
Be5 21. Bxe5 Rxe5 22. h4 h6 23. Nh3 Nxb3 24. Rb1 Nc5 25. Rxb6 Bc8 26. Bc4 Nxa4
27. Rxg6+ Kh7 28. Rc6 Nb2 29. Rdd6 Bxh3 30. gxh3 Nxc4 31. Rxc4 Rg8+ 32. Kf1 Rg6
33. Rdd4 Rge6 34. Ra4 Kg6 35. Rd7 Rf6 36. Ra7 Ref5 37. Ra2 Kh5 38. R7xa6 Kxh4
39. Rxf6 Rxf6 40. Ra4 Re6 41. Kg2 Rg6+ 1/2-1/2

[Event "International chess holiday M31"]
[Site "?"]
[Date "2017.08.03"]
[Round "8"]
[White "Vavrinec, Tomas"]
[Black "Brejnik, Gustav"]
[Result "1-0"]
[ECO "A21"]
[WhiteElo "1980"]
[BlackElo "2031"]
[Annotator "Koller,Martin"]
[PlyCount "93"]
[TimeControl "240+2"]

{279MB} 1. c4 e5 2. Nc3 Bb4 3. Qb3 Bxc3 4. Qxc3 Nc6 5. b4 d6 6. b5 Nd4 7. e3
Ne6 8. d4 exd4 9. exd4 Qf6 10. Bb2 Nf4 11. g3 Ng6 12. Bg2 N8e7 13. Nf3 Qe6+ 14.
Kf1 d5 15. Re1 Qf6 16. cxd5 O-O 17. Ne5 Nxe5 18. dxe5 Qb6 19. a4 Qg6 20. h4 h5
21. Ba3 Re8 22. d6 Nf5 23. dxc7 a6 24. Rd1 axb5 25. Rd8 Be6 26. Rxa8 Rxa8 27.
axb5 Bc8 28. Bd5 Qg4 29. Qc5 Rxa3 30. Bxf7+ Kxf7 31. Qxa3 Qc4+ 32. Kg2 Qxc7 33.
Rc1 Qd8 34. Qc5 Be6 35. Qc7+ Qxc7 36. Rxc7+ Kg6 37. f3 Nd4 38. Rxb7 Bc4 39. b6
Be2 40. Rd7 Bxf3+ 41. Kf2 Nc6 42. Rd6+ Kf5 43. Kxf3 Na5 44. Rd5 Nb7 45. Rd7 Nc5
46. Rxg7 Kxe5 47. Rg5+ 1-0

[Event "International chess holiday M31"]
[Site "?"]
[Date "2017.08.03"]
[Round "8"]
[White "Jurcisin, Imrich"]
[Black "Yanjinlkham, Bayarsaikhan"]
[Result "1-0"]
[ECO "B92"]
[WhiteElo "2033"]
[BlackElo "1988"]
[Annotator "Koller,Martin"]
[PlyCount "120"]
[TimeControl "240+2"]

{279MB} 1. e4 c5 2. Nf3 d6 3. d4 cxd4 4. Nxd4 Nf6 5. Nc3 a6 6. a4 e5 7. Nb3 Be6
8. Be2 Be7 9. O-O O-O 10. f4 exf4 11. Bxf4 Nc6 12. Kh1 Ne5 13. Nd4 Nfd7 14. Nf5
Bxf5 15. exf5 Nf6 16. Nd5 Nxd5 17. Qxd5 Qc7 18. c4 Bf6 19. Rac1 Qc6 20. Qxc6
bxc6 21. b4 g5 22. fxg6 hxg6 23. Rcd1 Rfd8 24. Be3 Bg7 25. Bb6 Rd7 26. Rd2 Kf8
27. Rfd1 Ke7 28. a5 Ke6 29. g3 f5 30. Kg2 g5 31. h3 Bf6 32. Bd4 Rb8 33. Bb6 Ra8
34. Kf2 Be7 35. Bf1 Bf6 36. Rc2 g4 37. h4 f4 38. gxf4 Bxh4+ 39. Ke3 Ng6 40. Bd3
Ne7 41. Re2 Kf7 42. Rh1 Bf6 43. Rh7+ Bg7 44. Rg2 Kf8 45. Rxg4 Ng8 46. Rg2 Re8+
47. Kf3 Nf6 48. Rh1 Rde7 49. Bg6 Rb8 50. Rd1 Nd7 51. Rxd6 Nxb6 52. axb6 Bc3 53.
Rxc6 Bxb4 54. Rh2 Bc3 55. f5 Re1 56. Re2 Rf1+ 57. Kg2 Rf4 58. c5 a5 59. Rce6
Kg7 60. Kg3 Rd4 neèitelné 1-0

[Event "International chess holiday K31"]
[Site "?"]
[Date "2017.08.03"]
[Round "8"]
[White "Novak, Jindrich"]
[Black "Civin, Dominik"]
[Result "1/2-1/2"]
[ECO "D02"]
[WhiteElo "2105"]
[BlackElo "1846"]
[Annotator "Koller,Martin"]
[PlyCount "52"]
[TimeControl "240+2"]

{279MB} 1. d4 d5 2. Nf3 e6 3. Bg5 f6 4. Bc1 f5 5. Bf4 Nf6 6. e3 c6 7. c3 Be7 8.
Nbd2 Nbd7 9. Ne5 O-O 10. Ndf3 Ne4 11. Nxd7 Bxd7 12. h4 c5 13. Bd3 c4 14. Bxe4
fxe4 15. Ne5 b5 16. a3 a5 17. Qg4 Bf6 18. Nxd7 Qxd7 19. O-O Be7 20. Be5 Rf7 21.
f3 exf3 22. Rxf3 Bf8 23. h5 Ra7 24. Rxf7 Qxf7 25. Rf1 Qe8 26. Qg5 Rf7 1/2-1/2

[Event "International chess holiday K31"]
[Site "?"]
[Date "2017.08.03"]
[Round "8"]
[White "Cisarik, Pavol"]
[Black "Zizka, Petr"]
[Result "0-1"]
[ECO "A48"]
[WhiteElo "1674"]
[BlackElo "1966"]
[Annotator "Koller,Martin"]
[PlyCount "48"]
[TimeControl "240+2"]

{279MB} 1. Nf3 Nf6 2. d4 g6 3. Bf4 Bg7 4. e3 d6 5. c3 O-O 6. Nbd2 b6 7. Bc4 c5
8. d5 b5 9. Bxb5 Nxd5 10. O-O Nxf4 11. exf4 Nd7 12. Qc2 Rb8 13. c4 a6 14. Bxd7
Rxb2 15. Qxb2 Bxb2 16. Bxc8 Bxa1 17. Bxa6 Qa5 18. Bb5 Qxa2 19. Ne4 Bg7 20. h3
Qc2 21. Ng3 Rb8 22. Re1 e6 23. Re2 Qc1+ 24. Kh2 d5 0-1

[Event "International chess holiday K31"]
[Site "?"]
[Date "2017.08.03"]
[Round "8"]
[White "Hering, Sven"]
[Black "Aubrecht, Petr"]
[Result "1/2-1/2"]
[ECO "B23"]
[WhiteElo "1949"]
[BlackElo "1935"]
[Annotator "Koller,Martin"]
[PlyCount "60"]
[TimeControl "240+2"]

{279MB} 1. e4 c5 2. Nc3 d6 3. f4 Nc6 4. Nf3 e6 5. Bb5 Bd7 6. Bc4 Na5 7. d3 Nxc4
8. dxc4 Bc6 9. Be3 Nf6 10. Qd3 Be7 11. h3 Qa5 12. O-O a6 13. e5 dxe5 14. Nxe5
Rd8 15. Nxc6 bxc6 16. Qe2 O-O 17. Bd2 Qc7 18. Rad1 Rd7 19. b3 Rfd8 20. Be3 Rxd1
21. Rxd1 Rxd1+ 22. Qxd1 e5 23. Qd2 Bd6 24. fxe5 Bxe5 25. Bxc5 h6 26. Qd3 Qa5
27. Bd4 Bxd4+ 28. Qxd4 Qg5 29. Ne2 Qa5 30. Nc3 Qg5 1/2-1/2

[Event "International chess holiday K31"]
[Site "?"]
[Date "2017.08.03"]
[Round "8"]
[White "Nelson, Wayne"]
[Black "Vit, Zdenek"]
[Result "1-0"]
[ECO "D03"]
[WhiteElo "2056"]
[BlackElo "1889"]
[Annotator "Koller,Martin"]
[PlyCount "87"]
[TimeControl "240+2"]

{279MB} 1. d4 Nf6 2. Bg5 e6 3. e3 c5 4. c3 cxd4 5. exd4 d5 6. Bd3 Be7 7. Nd2
O-O 8. Ngf3 Nc6 9. O-O Ne8 10. Bxe7 Qxe7 11. Re1 Qd6 12. Ne5 g6 13. Ndf3 Ng7
14. Qd2 Ne7 15. Qf4 Qb6 16. Re2 f6 17. Ng4 Nh5 18. Qd2 e5 19. Nh6+ Kg7 20. dxe5
fxe5 21. Nxe5 Nf4 22. Ree1 Kxh6 23. g3 Kg7 24. gxf4 Bf5 25. Bxf5 Rxf5 26. Nd7
Qd6 27. Qd4+ Kg8 28. Ne5 Nc6 29. Nxc6 bxc6 30. Re5 c5 31. Qe3 Raf8 32. Rd1 g5
33. Qg3 d4 34. cxd4 cxd4 35. Rxf5 Rxf5 36. fxg5 Qc5 37. h4 Qc2 38. Qb3+ Qxb3
39. axb3 Rf3 40. Rxd4 Rxb3 41. Kg2 Rxb2 42. Rd8+ Kg7 43. Rd7+ Kg6 44. Rxa7 1-0

[Event "International chess holiday M31"]
[Site "?"]
[Date "2017.08.04"]
[Round "9"]
[White "Sedlacek, Tomas"]
[Black "Michalek, Frantisek"]
[Result "1/2-1/2"]
[ECO "D02"]
[WhiteElo "2100"]
[BlackElo "2065"]
[Annotator "Koller,Martin"]
[PlyCount "22"]
[TimeControl "240+2"]

{279MB} 1. d4 d5 2. Bf4 Bf5 3. e3 e6 4. Nf3 Nf6 5. Nbd2 h6 6. Be2 Nbd7 7. h3
Be7 8. Ne5 Nxe5 9. Bxe5 Bd6 10. Bxd6 Qxd6 11. O-O O-O 1/2-1/2

[Event "International chess holiday M31"]
[Site "?"]
[Date "2017.08.04"]
[Round "9"]
[White "Guenther, Andreas"]
[Black "Manigk, Sebastian"]
[Result "1/2-1/2"]
[ECO "D25"]
[WhiteElo "2122"]
[BlackElo "2238"]
[Annotator "Koller,Martin"]
[PlyCount "41"]
[TimeControl "240+2"]

{279MB} 1. d4 d5 2. Nf3 Nf6 3. e3 Bg4 4. c4 dxc4 5. Bxc4 e6 6. h3 Bh5 7. Nbd2
a6 8. g4 Bg6 9. Ne5 Nbd7 10. Nxg6 hxg6 11. Qf3 b5 12. Be2 c5 13. a4 Rb8 14.
axb5 axb5 15. dxc5 Bxc5 16. O-O O-O 17. Nb3 Bd6 18. Rd1 Qb6 19. Bd2 Ne5 20. Qg2
Nc4 21. Ba5 1/2-1/2

[Event "International chess holiday M31"]
[Site "?"]
[Date "2017.08.04"]
[Round "9"]
[White "Brejnik, Gustav"]
[Black "Baasansuren, Erdene"]
[Result "1-0"]
[ECO "A69"]
[WhiteElo "2031"]
[BlackElo "2100"]
[Annotator "Koller,Martin"]
[PlyCount "61"]
[TimeControl "240+2"]

{279MB} 1. d4 Nf6 2. c4 g6 3. Nc3 Bg7 4. e4 d6 5. f4 O-O 6. Nf3 c5 7. d5 e6 8.
Be2 exd5 9. cxd5 Re8 10. e5 dxe5 11. fxe5 Ng4 12. e6 fxe6 13. Bg5 Qb6 14. Qd2
Nd7 15. O-O Ndf6 16. h3 exd5 17. hxg4 Bxg4 18. Bxf6 Qxf6 19. Qxd5+ Kh8 20. Rad1
Bh6 21. Ng5 Qxg5 22. Qxg5 Bxg5 23. Bxg4 Be3+ 24. Kh2 Bd4 25. Rf7 b6 26. Nb5
Bxb2 27. Rdd7 h5 28. Bf3 Rad8 29. Rh7+ Kg8 30. Bd5+ Kf8 31. Rdf7+ 1-0